 Dungeon Crawl Stone Soup version 0.16.2-2-g470672f (webtiles) character file.

172 monobi the Insei (level 5, -8/42 HPs)
             Began as a Demonspawn Monk on Sept 3, 2015.
             Killed by divine providence
             ... invoked by an orc priest
              (14 damage)
             ... on level 3 of the Dungeon.
             The game lasted 00:09:05 (3127 turns).

monobi the Insei (Demonspawn Monk)                  Turns: 3127, Time: 00:09:06

Health: -8/42      AC: 12    Str: 10 (12) XL:     5   Next: 27%
Magic:  5/5        EV:  5    Int: 11      God:
Gold:   128        SH:  0    Dex: 21      Spells: 0 memorised, 4 levels left

rFire  . . .     SeeInvis .       - Unarmed
rCold  . . .     Clarity  .     v - +1 chain mail
rNeg   . . .     SustAb   +     (no shield)
rPois  .         Gourm    .     (no helmet)
rElec  .         Spirit   .     (no cloak)
rCorr  .         Warding  .     (no gloves)
rMut   .         Stasis   .     (no boots)
MR     .....                    (no amulet)
Stlth  ..........               h - +5 ring of dexterity
                                s - ring of sustain abilities

@: not resistant to hostile enchantments, extremely unstealthy
A: talons 1, thin metallic scales 2, deterioration 1, slow healing 1
a: no special abilities


You were on level 3 of the Dungeon.
You were hungry.

You visited 1 branch of the dungeon, and saw 3 of its levels.

You collected 128 gold pieces.

Inventory:

Missiles
 d - 13 silver sling bullets
Armour
 a - a +0 robe
 j - a +1 plate armour
 v - a +1 chain mail (worn)
Jewellery
 h - a +5 ring of dexterity (right hand)
 k - an uncursed ring of wizardry
 n - an uncursed ring of protection from cold
 p - a cursed ring of fire
 q - a cursed -2 ring of strength
 s - a ring of sustain abilities (left hand)
 u - an uncursed ring of protection from cold
Magical devices
 l - a wand of teleportation (6)
Scrolls
 i - a scroll of enchant armour
 r - 3 scrolls of teleportation
 w - a scroll of fear {unknown}
 y - 3 scrolls of magic mapping {unknown}
 z - a scroll of identify
Potions
 c - a potion of cure mutation {unknown}
 f - a potion of degeneration {unknown}
 g - a potion of resistance {unknown}
 o - 2 potions of haste {unknown}
 t - a potion of agility {unknown}
 x - a potion of restore abilities {unknown}
Comestibles
 b - 3 bread rations
 m - a chunk of flesh


   Skills:
 + Level 4.0 Fighting
 + Level 1.5 Armour
 + Level 3.3 Dodging
 + Level 1.8 Stealth
 + Level 4.6 Unarmed Combat


You had 4 spell levels left.
You didn't know any spells.

Dungeon Overview and Level Annotations

Branches:
Dungeon (3/15)

Altars:
Fedhas
Qazlal


Innate Abilities, Weirdness & Mutations

You are mostly covered in thin metallic scales (AC +3).
You have sharp toenails.
Your body is slowly deteriorating.
You heal slowly when monsters are visible.


Message History

The orc priest barely misses you.
You hit the orc priest but do no damage.
You claw the orc priest, but do no damage.
The orc priest is almost dead.
The orc priest hits you with a mace.
* * * LOW HITPOINT WARNING * * *
You hit the orc priest but do no damage.
You claw the orc priest, but do no damage.
Your punch misses the orc priest.
The orc priest is almost dead.
The orc priest closely misses you.
Drink which item? (? for menu, Esc to quit)
Okay, then.
The orc priest hits you but does no damage.
You closely miss the orc priest.
You claw the orc priest, but do no damage.
The orc priest is almost dead.
The orc priest invokes the aid of Beogh against you.
Something smites you!
You die...

### ##...
.##....##########
._#....).....o@>#
.##....###.##.###
##... #....# #..
#..### #####.
#..# ...## #).#
...# #..######
...######
#.......#
##......#
#.#####.#####


You could see an orc priest.

Vanquished Creatures
  An iguana (D:3)
  A mummy (D:3)
  5 adders
  A giant mite (D:2)
  A worm (D:3)
  2 orcs (D:3)
  7 giant cockroaches
  9 goblins
  7 hobgoblins
  4 jackals (D:2)
  A quokka (D:2)
  3 ball pythons
  11 bats
  3 giant geckos
  4 giant newts
  9 kobolds
  8 rats
77 creatures vanquished.

Notes
Turn   | Place    | Note
--------------------------------------------------------------
     0 | D:1      | monobi, the Demonspawn Monk, began the quest for the Orb.
     0 | D:1      | Reached XP level 1. HP: 18/18 MP: 1/1
   156 | D:1      | Gained mutation: You are partially covered in thin metallic scales (AC +2). [demonic ancestry]
   156 | D:1      | Reached XP level 2. HP: 22/24 MP: 2/2
   259 | D:1      | Gained mutation: You have sharp toenails. [potion of mutation]
   259 | D:1      | Gained mutation: Your body is slowly deteriorating. [potion of mutation]
   259 | D:1      | Gained mutation: You heal slowly when monsters are visible. [potion of mutation]
   829 | D:2      | Reached skill level 4 in Unarmed Combat
   829 | D:2      | Gained mutation: You are mostly covered in thin metallic scales (AC +3). [demonic ancestry]
   829 | D:2      | Reached XP level 3. HP: 22/29 MP: 3/3
   851 | D:2      | Found a stormy altar of Qazlal.
  1484 | D:3      | Reached XP level 4. HP: 13/36 MP: 4/4
  2268 | D:3      | Reached skill level 1 in Armour
  2928 | D:3      | Reached XP level 5. HP: 26/42 MP: 5/5
  3094 | D:3      | Found a blossoming altar of Fedhas.
  3127 | D:3      | Killed from afar by an orc priest

Action                   |  1- 3 |  4- 6 || total
-------------------------+-------+-------++-------
Melee: Unarmed           |   178 |   164 ||   342
  Use: Scroll            |     8 |     2 ||    10
       Potion            |     2 |     3 ||     5
  Eat: Fruit             |     1 |     1 ||     2
       Beef jerky        |     1 |       ||     1
       Chunk             |       |     4 ||     4
